 Dungeon Crawl Stone Soup version 0.29.1-2-gbd0b4ee654 (webtiles) character file.

Game seed: 11942685219984509873

36 DemonSlayer the Firebug (level 3, -12/24 HPs)
             Began as a Demonspawn Fire Elementalist on Nov 2, 2022.
             Killed by divine providence
             ... invoked by an orc priest
              (15 damage)
             ... on level 3 of the Dungeon.
             The game lasted 00:03:09 (2189 turns).

DemonSlayer the Firebug (DsFE)                      Turns: 2189, Time: 00:03:11

Health: -12/24     AC:  3    Str:  8    XL:     3   Next: 19%
Magic:  0/6        EV: 12    Int: 18    God:
Gold:   59         SH:  0    Dex: 13    Spells: 3/6 levels left

rFire   . . .      SeeInvis .   d - +0 dagger
rCold   . . .      Faith    .   (no shield)
rNeg    . . .      Spirit   .   a - +0 robe
rPois   .          Reflect  .   (no helmet)
rElec   .          Harm     .   (no cloak)
rCorr   .          Rampage  .   (no gloves)
Will    .....                   (no boots)
Stlth   ++........              (no amulet)
HPRegen 0.08/turn               (no ring)
MPRegen 0.10/turn               (no ring)

@: no status effects
A: sharp scales 1, condensation shield
a: no special abilities


You were on level 3 of the Dungeon.
You visited 1 branch of the dungeon, and saw 3 of its levels.

You collected 104 gold pieces.
You spent 45 gold pieces at shops.

Inventory:

Hand Weapons
 d - a +0 dagger (weapon)
Armour
 a - a +0 robe (worn)
Jewellery
 n - a ring of positive energy
 o - a ring of resist corrosion
Wands
 m - a wand of charming (2)
 p - a wand of digging (6)
Scrolls
 c - 2 scrolls of teleportation {unknown}
 e - 2 scrolls of poison {unknown}
 f - a scroll of torment
 h - a scroll of identify {unknown}
 i - a scroll of noise {unknown}
 k - a scroll of fog {unknown}
Potions
 b - a potion of magic
 g - a potion of berserk rage {unknown}
 j - 3 potions of curing {unknown}
 l - a potion of attraction {unknown}


   Skills:
 + Level 0.1 Short Blades
 + Level 2.0 Dodging
 + Level 2.1 Stealth
 + Level 2.3 Spellcasting
 + Level 1.2 Conjurations
 + Level 3.2 Fire Magic


You had 3 spell levels left.
You knew the following spells:

 Your Spells              Type           Power      Damage    Failure   Level
a - Foxfire               Conj/Fire      40%        2x1d6     7%          1
b - Scorch                Fire           26%        2d6       7%          2

Your spell library contained the following spells:

 Spells                   Type           Power      Damage    Failure   Level
 Conjure Flame            Conj/Fire      10%        6-21      22%         3
 Ensorcelled Hibernation  Hex/Ice        4%         N/A       26%         2
 Inner Flame              Hex/Fire       7%         N/A       26%         3
 Spider Form              Tmut/Pois      2%         N/A       47%         3
 Flame Wave               Conj/Fire      10%        2d6       56%         4
 Anguish                  Hex/Necr       1%         N/A       87%         4


Dungeon Overview and Level Annotations

Branches:
Dungeon (3/15)

Altars:

Shops:
D:1 *


Innate Abilities, Weirdness & Mutations

You are partially covered in razor-sharp scales. (AC +1, Slay +1)
A meltable shield of frost defends you. (SH +0)


Message History

An orc wizard is nearby!
An orc wizard is nearby!
An orc wizard is nearby!
An orc wizard is nearby! 2 orcs come into view.
You can't see any susceptible monsters within range! (Use Z to cast anyway.) Flames lash the orc wizard.
The orc wizard is lightly wounded.
The orc wizard's fire resistance burns away.
The orc shouts!
You hear a shout! x2
A hobgoblin comes into view.
The orc wizard casts a spell at you. The puff of flame hits you!
Your condensation shield dissipates!
An orc priest comes into view. It is wielding a +0 whip.
Flames lash the orc wizard.
The orc wizard is burned terribly!
The orc wizard is severely wounded.
The hobgoblin shouts!
An orc wizard comes into view. It is wielding a +0 dagger.
Unknown command.
Flames lash the orc wizard but do no damage.
The orc priest mumbles some strange prayers to Beogh against you.
Beogh smites you!
Ouch! That really hurt!
* * * LOW HITPOINT WARNING * * *
The orc wizard misses you.
Unknown command.
You are too injured to fight recklessly!
Unknown command.
You are too injured to fight recklessly!
Unknown command.
You are too injured to fight recklessly!
As you read the scroll labelled GISSEFORHA, it crumbles to dust.
You feel a surge of unholy energy.
The orc wizard convulses!
The hobgoblin convulses!
The orc convulses! x2; The orc wizard convulses!
The orc priest convulses!
It was a scroll of torment.
The orc priest invokes the aid of Beogh against you.
Beogh smites you!
Ouch! That really hurt!
You die...

................................#
....#.#...#..................####
.... ...............#####......#
.##.............#####.####..
............##.......# .
............##.......#
............##.......#.
................._......
.......@#....#..)....##.
......o.####.#.......# ......#..
#.#..^....# ....o.##g.
#.####.#### ....o ...#.. .# #..o#
...### .# #o.# ...# .. ... ..##


You could see an orc priest, 2 orc wizards, 2 orcs and a hobgoblin.

Vanquished Creatures
  A dart slug (D:1)
  A ball python (D:1)
  5 endoplasms
  A giant cockroach (D:2)
  4 goblins
  A hobgoblin (D:2)
  4 jackals (D:1)
  2 kobolds
  2 quokkas (D:1)
  2 bats (D:1)
  A frilled lizard (D:1)
  5 rats
29 creatures vanquished.

Vanquished Creatures (others)
  24 foxfires (D:1)
24 creatures vanquished.

Grand Total: 53 creatures vanquished

Notes
Turn   | Place    | Note
-------+----------+-------------------------------------------
     0 | D:1      | DemonSlayer the Demonspawn Fire Elementalist began the
                  | quest for the Orb.
     0 | D:1      | Reached XP level 1. HP: 13/13 MP: 3/3
   400 | D:1      | Gained mutation: A meltable shield of frost defends you.
                  | (SH +0) [demonic ancestry]
   400 | D:1      | Reached XP level 2. HP: 19/19 MP: 5/5
   403 | D:1      | Learned a level 2 spell: Scorch
  1080 | D:1      | Reached skill level 3 in Fire Magic
  1368 | D:1      | Bought a scroll labelled VOFUJI PINIS for 24 gold pieces
  1548 | D:2      | Gained mutation: You are partially covered in razor-sharp
                  | scales. (AC +1, Slay +1) [demonic ancestry]
  1548 | D:2      | Reached XP level 3. HP: 20/24 MP: 1/6
  2008 | D:1      | Bought a fizzy blue potion for 21 gold pieces
  2189 | D:3      | Killed from afar by an orc priest

Illustrated notes

Levels and vault maps discovered:
D:1:      dpeg_arrival_long_road, layout_rooms, serial_shops,
          nicolae_shop_trees, fountainhead, minmay_misc_feat_enclosed
D:2:      layout_basic, st_stairs_8
D:3:      layout_rooms, nicolae_overflow_crystal_walls,
          nicolae_ashenzari_panopticon

Skill      XL: |  1  2 |
---------------+-------+-----
Stealth        | 2 |  2.1
Dodging        | 2 |  2.0
Fire Magic     | 3 |  3.2
Short Blades   | |  0.1
Spellcasting   | |  2.3
Conjurations   | |  1.2

Action                   || total
-------------------------++-------
Melee: Dagger            ||    45
       Unarmed           ||     2
       Punch             ||     1
 Cast: Foxfire           ||    15
       Scorch            ||    19
  Use: Potion            ||     1
       Scroll            ||     1
 Stab: Sleeping          ||     5
Armor: Robe              ||    12
Dodge: Dodged            ||    30
Block: Other             ||    10
